Map: 国王藏宝地-天梯版

Players

Lambo

  • Race: Zerg Zerg
  • League: Platinum

INnoVation - Winner!

  • Race: Terran Terran
  • League: Diamond

Event: WESG 2018 Grand Finals

VOD

Have the link to the VOD?

Description

Time

  • Played on: March 14, 2019, 7:36 a.m.
  • Length: 6:30

All games in this series

Show
View Real Time Build Order
Export as new Build Order

Lambo Zerg 

Build Orders: Hatch First 

Get SALT Encoding   

  12  0:00  Drone  
  13  0:12  Overlord  
  13  0:17  Drone  
  14  0:32  Drone x2  
  16  0:49  Hatchery  
  15  0:52  Drone  
  15  0:57  Drone  
  17  0:59  Drone  
  18  1:10  Extractor  
  17  1:15  Spawning Pool  
  17  1:18  Drone  
  17  1:21  Drone  
  18  1:28  Drone  
  19  1:41  Drone  
  20  1:49  Drone  
  21  2:01  Queen x2  
  21  2:02  Zergling x4  
  27  2:17  Hatchery  
  27  2:22  Overlord  
  26  2:25  Drone  
  26  2:27  Drone  
  28  2:44  Metabolic Boost, Drone x4  
  32  2:52  Queen  
  32  2:57  Overlord  
  34  3:01  Drone  
  34  3:03  Drone  
  36  3:14  Queen  
  36  3:16  Drone x2  
  36  3:17  Drone  
  36  3:18  Drone  
  42  3:22  Drone x2  
  44  3:30  Queen  
  44  3:32  Overlord  
  46  3:39  Drone  
  47  3:41  Drone  
  47  3:42  Queen  
  50  3:54  Zergling x8  
  50  3:55  Zergling x2  
  55  3:57  Drone x2  
  55  4:00  Baneling Nest  
  56  4:06  Drone  
  56  4:07  Drone  
  58  4:10  Overlord  
  58  4:15  Evolution Chamber  
  56  4:19  Drone  
  56  4:22  Overlord  
  57  4:25  Spore Crawler  
  57  4:26  Spore Crawler  
  57  4:27  Spore Crawler, Drone x2  
  57  4:28  Drone x3  
  59  4:33  Zergling x4  
  61  4:39  Drone x4  
  65  4:47  Drone  
  65  4:48  Evolution Chamber  
  65  4:50  Drone x2  
  65  4:52  Drone  
  68  4:55  Drone x2  
  68  4:58  Overlord  
  70  5:01  Overlord  
  70  5:02  Drone  
  70  5:06  Overlord  
  71  5:09  Queen  
  71  5:12  Extractor  
  71  5:13  Baneling x4, Extractor  
  71  5:15  Baneling x2  
  70  5:21  Zergling x14  
  70  5:26  Zergling x6  
  70  5:28  Zergling x2  
  73  5:36  Zergling x2  
  73  5:37  Zergling x12  
  73  5:39  Zergling x2  
  72  5:43  Zergling x2  
  72  5:44  Baneling x2  
  72  5:48  Zergling x2  
  72  5:49  Zergling x2  
  70  5:53  Zergling x2  
  62  5:58  Zergling x2  
  62  6:00  Zergling x2  
  59  6:04  Zergling x2  
  59  6:09  Zergling x4  
Show
View Real Time Build Order
Export as new Build Order

INnoVation Terran - Winner!

Build Orders: Liberator Opening, Reaper Expand 

Get SALT Encoding   

  12  0:00  SCV  
  13  0:12  SCV  
  14  0:18  Supply Depot  
  14  0:24  SCV  
  15  0:39  SCV  
  15  0:41  Barracks  
  16  0:44  Refinery  
  16  0:51  SCV  
  17  1:03  SCV  
  18  1:15  SCV  
  19  1:28  Reaper, Orbital Command  
  20  1:42  Command Center  
  20  1:52  Supply Depot  
  20  1:53  SCV  
  21  1:59  Marine  
  22  2:06  SCV  
  23  2:09  Factory  
  23  2:14  Refinery  
  23  2:18  SCV  
  23  2:20  Barracks Reactor  
  24  2:30  SCV  
  25  2:42  SCV  
  26  2:54  Starport, Orbital Command  
  26  2:55  SCV  
  27  3:00  Hellion x2  
  27  3:03  Barracks Tech Lab  
  31  3:07  SCV  
  32  3:15  Liberator  
  32  3:17  Supply Depot  
  32  3:19  SCV  
  33  3:20  SCV  
  33  3:21  Hellion  
  33  3:22  Hellion  
  40  3:27  Marauder  
  43  3:36  SCV  
  45  3:42  Supply Depot  
  45  3:46  Hellion x2  
  48  3:49  Marauder  
  48  3:55  SCV x2  
  52  4:09  Hellion x2  
  56  4:10  Supply Depot  
  56  4:11  Marauder  
  56  4:16  Medivac  
  60  4:19  Armory  
  60  4:24  Concussive Shells  
  60  4:26  SCV x2  
  62  4:32  Hellion x2  
  67  4:38  SCV x2  
  68  4:50  SCV x2  
  70  4:53  Supply Depot  
  70  4:57  Liberator  
  70  5:03  Supply Depot  
  70  5:15  Hellion x2  
  70  5:16  SCV  
  70  5:19  Command Center  
  78  5:24  SCV  
  79  5:33  SCV  
  79  5:34  Marine  
  73  5:36  Hellion x2, SCV  
  75  5:45  SCV  
  75  5:46  Barracks  
  75  5:48  Barracks, SCV  
  75  5:57  SCV  
  75  5:58  Hellion x2  
  75  5:59  Marine  
  75  6:01  SCV  
  72  6:05  Engineering Bay  
  72  6:06  Engineering Bay  
  72  6:16  SCV  
  72  6:17  SCV  
Tags
 
Add a new tag
Caveats
  • Supply blocks, unpowered buildings, or Contaminate may cause inaccurate times.
  • Supply counts are checked every 10 seconds.